| TOP OF THE 1ST |
|
Madison Brewers batting - Pitching for Palm Beach Nationals : RHP Ivan Bonilla
|
|
Pitching: RHP Ivan Bonilla
|
|
|
Batting: LHB Andy Buschlen
|
0-0: Foul Ball, location: 2F 0-1: Ball 1-1: Swinging Strike 1-2: Ball 2-2: Ball 3-2: Foul Ball, location: 2F 3-2: Strikes out swinging
|
|
Batting: LHB Jose Simental
|
0-0: Foul Ball, location: 2F 0-1: Called Strike 0-2: Ball 1-2: Ground out 4-3 (Groundball, 4M, EV 80.6 MPH)
|
|
Batting: LHB Bill Kovac
|
0-0: Swinging Strike 0-1: Ball 1-1: SINGLE (Flyball, 6D, EV 90.6 MPH)
|
|
Batting: LHB Fumito Sakurai
|
0-0: Swinging Strike 0-1: Ball 1-1: Swinging Strike 1-2: Ground out 4-3 (Groundball, 4, EV 105.0 MPH)
|
| Top of the 1st over - 0 runs, 1 hit, 0 errors, 1 left on base; Madison 0 - Palm Beach 0 |
| BOTTOM OF THE 1ST |
|
Palm Beach Nationals batting - Pitching for Madison Brewers : RHP Jayden Whittick
|
|
Pitching: RHP Jayden Whittick
|
|
|
Batting: RHB Charlie Iacovone
|
0-0: Single, Error in OF, E7, batter to second base (Line Drive, 56, EV 103.8 MPH)
|
|
Batting: RHB Jason Curry
|
0-0: Ball 1-0: Ground out 6-3 (Groundball, 56, EV 78.1 MPH)
|
|
Batting: RHB Rudolph Lentz
|
0-0: Ball 1-0: Ball 2-0: Ball 3-0: Base on Balls
|
|
Batting: RHB Jess Thomas
|
0-0: Ball 1-0: Fly out, F4 (Flyball, 34D, EV 92.5 MPH)
|
|
Batting: RHB Kenny Ball
|
0-0: Ball 1-0: Called Strike 1-1: Ground out 1-3 (Groundball, 34S, EV 66.2 MPH)
|
| Bottom of the 1st over - 0 runs, 1 hit, 1 error, 2 left on base; Madison 0 - Palm Beach 0 |
| TOP OF THE 2ND |
|
Madison Brewers batting - Pitching for Palm Beach Nationals : RHP Ivan Bonilla
|
|
Batting: LHB Tony Hasbun
|
0-0: Swinging Strike 0-1: Foul Ball, location: 2F 0-2: Strikes out swinging
|
|
Batting: RHB Fernando Mejia
|
0-0: Ball 1-0: Ground out 5-3 (Groundball, 56, EV 95.0 MPH)
|
|
Batting: RHB Ben Follett
|
0-0: Called Strike 0-1: Ball 1-1: Swinging Strike 1-2: Strikes out swinging
|
| Top of the 2nd over - 0 runs, 0 hits, 0 errors, 0 left on base; Madison 0 - Palm Beach 0 |
| BOTTOM OF THE 2ND |
|
Palm Beach Nationals batting - Pitching for Madison Brewers : RHP Jayden Whittick
|
|
Batting: LHB Tony Olvera
|
0-0: Ground out U3 (Groundball, 3S, EV 88.1 MPH)
|
|
Batting: RHB Joe Simmelink
|
0-0: Ball 1-0: Called Strike 1-1: Ball 2-1: Ground out 4-3 (Groundball, 4, EV 95.6 MPH)
|
|
Batting: SHB John Husson
|
0-0: Called Strike 0-1: Ball 1-1: Ball 2-1: Ball 3-1: SINGLE (Line Drive, 9S, EV 90.6 MPH)
|
|
Batting: RHB Franklin Ortega
|
0-0: Ball 1-0: Ground out U3 (Groundball, 34, EV 87.5 MPH)
|
| Bottom of the 2nd over - 0 runs, 1 hit, 0 errors, 1 left on base; Madison 0 - Palm Beach 0 |
| TOP OF THE 3RD |
|
Madison Brewers batting - Pitching for Palm Beach Nationals : RHP Ivan Bonilla
|
|
Batting: RHB Adam Angeles
|
0-0: Ball 1-0: Called Strike 1-1: Ball 2-1: SOLO HOME RUN (Flyball, 7D, EV 103.8 MPH), Distance : 410 ft
|
|
Batting: RHB Kelan Rae
|
0-0: Ball 1-0: Ball 2-0: Swinging Strike 2-1: Called Strike 2-2: Strikes out swinging
|
|
Batting: LHB Andy Buschlen
|
0-0: Called Strike 0-1: SINGLE (Groundball, 34D, EV 94.4 MPH)
|
|
Batting: LHB Jose Simental
|
0-0: Swinging Strike 0-1: Swinging Strike 0-2: Ball 1-2: Ball 2-2: Foul Ball, location: 2F 2-2: Strikes out swinging
|
|
Batting: LHB Bill Kovac
|
0-0: Ball Andy Buschlen steals 2nd base (no throw) 1-0: Swinging Strike 1-1: Swinging Strike 1-2: Strikes out swinging
|
| Top of the 3rd over - 1 run, 2 hits, 0 errors, 1 left on base; Madison 1 - Palm Beach 0 |
| BOTTOM OF THE 3RD |
|
Palm Beach Nationals batting - Pitching for Madison Brewers : RHP Jayden Whittick
|
|
Batting: RHB Charlie Iacovone
|
0-0: Called Strike 0-1: Ball 1-1: Ball 2-1: Foul Ball, location: 2F 2-2: Foul Ball, location: 2F 2-2: Strikes out swinging
|
|
Batting: RHB Jason Curry
|
0-0: SINGLE (Groundball, 34D, EV 104.4 MPH)
|
|
Batting: RHB Rudolph Lentz
|
0-0: Swinging Strike 0-1: Called Strike 0-2: Hit by Pitch Jason Curry to second
|
|
Batting: RHB Jess Thomas
|
0-0: Ball 1-0: Ball 2-0: Fly out, F8 (Flyball, 8LD, EV 88.1 MPH)
|
|
Batting: RHB Kenny Ball
|
0-0: Foul Ball, location: 2F 0-1: Ball 1-1: Swinging Strike 1-2: Strikes out swinging
|
| Bottom of the 3rd over - 0 runs, 1 hit, 0 errors, 2 left on base; Madison 1 - Palm Beach 0 |
| TOP OF THE 4TH |
|
Madison Brewers batting - Pitching for Palm Beach Nationals : RHP Ivan Bonilla
|
|
Batting: LHB Fumito Sakurai
|
0-0: Called Strike 0-1: SOLO HOME RUN (Line Drive, 7D, EV 98.8 MPH) (Inside the Park)
|
|
Batting: LHB Tony Hasbun
|
0-0: Fly out, F9 (Line Drive, 89M, EV 107.5 MPH)
|
|
Batting: RHB Fernando Mejia
|
0-0: Foul Ball, location: 2F 0-1: Ground out 4-3 (Groundball, 4M, EV 110.0 MPH)
|
|
Batting: RHB Ben Follett
|
0-0: Ball 1-0: Called Strike 1-1: Swinging Strike 1-2: Strikes out looking
|
| Top of the 4th over - 1 run, 1 hit, 0 errors, 0 left on base; Madison 2 - Palm Beach 0 |
| BOTTOM OF THE 4TH |
|
Palm Beach Nationals batting - Pitching for Madison Brewers : RHP Jayden Whittick
|
|
Batting: LHB Tony Olvera
|
0-0: Ball 1-0: Ball 2-0: Ball 3-0: Called Strike 3-1: Swinging Strike 3-2: Strikes out swinging
|
|
Batting: RHB Joe Simmelink
|
0-0: Called Strike 0-1: Swinging Strike 0-2: Strikes out swinging
|
|
Batting: SHB John Husson
|
0-0: Ball 1-0: Ball 2-0: Ball 3-0: Base on Balls
|
|
Batting: RHB Franklin Ortega
|
0-0: Called Strike John Husson is caught stealing 2nd base 2-4
|
| Bottom of the 4th over - 0 runs, 0 hits, 0 errors, 0 left on base; Madison 2 - Palm Beach 0 |
| TOP OF THE 5TH |
|
Madison Brewers batting - Pitching for Palm Beach Nationals : RHP Ivan Bonilla
|
|
Batting: RHB Adam Angeles
|
0-0: Ball 1-0: Called Strike 1-1: Ball 2-1: Called Strike 2-2: Fly out, F9 (Flyball, 9, EV 86.9 MPH)
|
|
Batting: RHB Kelan Rae
|
0-0: Ball 1-0: Fly out, F9 (Flyball, 9LS, EV 95.0 MPH)
|
|
Batting: LHB Andy Buschlen
|
0-0: Foul Ball, location: 2F 0-1: SINGLE (Line Drive, 78S, EV 107.5 MPH)
|
|
Batting: LHB Jose Simental
|
0-0: Called Strike 0-1: Swinging Strike 0-2: Ball 1-2: Foul Ball, location: 2F 1-2: Strikes out swinging
|
| Top of the 5th over - 0 runs, 1 hit, 0 errors, 1 left on base; Madison 2 - Palm Beach 0 |
| BOTTOM OF THE 5TH |
|
Palm Beach Nationals batting - Pitching for Madison Brewers : RHP Jayden Whittick
|
|
Batting: RHB Franklin Ortega
|
0-0: Reached on error, E5 (Groundball, 56S, EV 81.9 MPH)
|
|
Batting: RHB Charlie Iacovone
|
0-0: Called Strike 0-1: Ball 1-1: Called Strike 1-2: Grounds into double play, 1-6-3 (Groundball, 13S, EV 67.5 MPH)
|
|
Batting: RHB Jason Curry
|
0-0: Ball 1-0: Ball 2-0: Ground out 6-3 (Groundball, P, EV 92.5 MPH)
|
| Bottom of the 5th over - 0 runs, 0 hits, 1 error, 0 left on base; Madison 2 - Palm Beach 0 |
| TOP OF THE 6TH |
|
Madison Brewers batting - Pitching for Palm Beach Nationals : RHP Ivan Bonilla
|
|
Batting: LHB Bill Kovac
|
0-0: Ball 1-0: Ball 2-0: Foul Ball, location: 2F 2-1: Swinging Strike 2-2: SOLO HOME RUN (Flyball, 9LD, EV 97.5 MPH), Distance : 364 ft
|
|
Batting: LHB Fumito Sakurai
|
0-0: Ball 1-0: Ground out U3 (Groundball, 3, EV 91.9 MPH)
|
|
Batting: LHB Tony Hasbun
|
0-0: Fly out, F7 (Flyball, 7, EV 88.8 MPH)
|
|
Batting: RHB Fernando Mejia
|
0-0: Ball 1-0: Called Strike 1-1: Called Strike 1-2: Ball 2-2: Ball 3-2: Base on Balls
|
|
Pitching: RHP Yorinobu Matsumoto
|
|
|
Batting: RHB Ben Follett
|
0-0: Ball 1-0: Ball Fernando Mejia is caught stealing 2nd base 2-4
|
| Top of the 6th over - 1 run, 1 hit, 0 errors, 0 left on base; Madison 3 - Palm Beach 0 |
| BOTTOM OF THE 6TH |
|
Palm Beach Nationals batting - Pitching for Madison Brewers : RHP Jayden Whittick
|
|
Batting: RHB Rudolph Lentz
|
0-0: Called Strike 0-1: Ground out 4-3 (Groundball, 4S, EV 81.2 MPH)
|
|
Batting: RHB Jess Thomas
|
0-0: Ball 1-0: Ground out 5-3 (Groundball, 56S, EV 88.1 MPH)
|
|
Batting: RHB Kenny Ball
|
0-0: Ball 1-0: Ball 2-0: Ball 3-0: Base on Balls
|
|
Batting: LHB Tony Olvera
|
0-0: Foul Ball, location: 2F 0-1: Called Strike 0-2: Strikes out looking
|
| Bottom of the 6th over - 0 runs, 0 hits, 0 errors, 1 left on base; Madison 3 - Palm Beach 0 |
| TOP OF THE 7TH |
|
Madison Brewers batting - Pitching for Palm Beach Nationals : RHP Yorinobu Matsumoto
|
|
Pinch Hitting: LHB Dusty Bryant
|
0-0: Ball 1-0: Ball 2-0: Called Strike 2-1: Foul Ball, location: 2F 2-2: Ball 3-2: Base on Balls
|
|
Batting: RHB Adam Angeles
|
0-0: Foul Ball, location: 2F 0-1: Foul Ball, location: 2F 0-2: Ball 1-2: Foul Ball, location: 2F 1-2: Ball 2-2: Ball 3-2: Foul Ball, location: 2F 3-2: Base on Balls Dusty Bryant to second
|
|
Batting: RHB Tristan Smeets
|
0-0: Ball 1-0: 3-RUN HOME RUN (Line Drive, 7D, EV 109.4 MPH), Distance : 428 ft
|
|
Pitching: RHP Nate Vandergriff
|
|
|
Batting: LHB Andy Buschlen
|
0-0: Ball 1-0: Called Strike 1-1: Foul Ball, location: 2F 1-2: Foul Ball, location: 2F 1-2: Ball 2-2: SINGLE (Groundball, 34D, EV 100.6 MPH)
|
|
Batting: LHB Jose Simental
|
0-0: Called Strike 0-1: Ball 1-1: Ball 2-1: Swinging Strike 2-2: Ball 3-2: Strikes out swinging
|
|
Batting: LHB Bill Kovac
|
0-0: Ball 1-0: Ball 2-0: Swinging Strike 2-1: Foul Ball, location: 2F 2-2: Ball 3-2: Foul Ball, location: 2F 3-2: SINGLE (Line Drive, 7S, EV 101.9 MPH) Andy Buschlen to second
|
|
Batting: LHB Fumito Sakurai
|
0-0: Foul Ball, location: 2F 0-1: Ball 1-1: Ball 2-1: Called Strike 2-2: Ball 3-2: Base on Balls Andy Buschlen to third Bill Kovac to second
|
|
Batting: LHB Tony Hasbun
|
0-0: Called Strike 0-1: SINGLE (Groundball, 4D, EV 104.4 MPH) Andy Buschlen scores Bill Kovac to third Fumito Sakurai to second
|
|
Pinch Hitting: RHB Jordan Dugue
|
0-0: Fly out, F9 (Flyball, 89M, EV 93.1 MPH)
|
|
Batting: LHB Dusty Bryant
|
0-0: Called Strike 0-1: Ball 1-1: Called Strike 1-2: Strikes out looking
|
| Top of the 7th over - 4 runs, 4 hits, 0 errors, 3 left on base; Madison 7 - Palm Beach 0 |
| BOTTOM OF THE 7TH |
|
Palm Beach Nationals batting - Pitching for Madison Brewers : RHP Jayden Whittick
|
|
Now at 1B: Austin Doig
|
|
|
Now at 3B: Jordan Dugue
|
|
|
Pinch Hitting: LHB Ken Westfall
|
0-0: Swinging Strike 0-1: Swinging Strike 0-2: Strikes out looking
|
|
Pitching: RHP Dante Taylor
|
|
|
Batting: SHB John Husson
|
0-0: Called Strike 0-1: Foul Ball, location: 2F 0-2: Fly out, F9 (Flyball, 89S, EV 85.6 MPH)
|
|
Pinch Hitting: LHB Carlos Guadarrama
|
0-0: Called Strike 0-1: Ball 1-1: Called Strike 1-2: Strikes out swinging
|
| Bottom of the 7th over - 0 runs, 0 hits, 0 errors, 0 left on base; Madison 7 - Palm Beach 0 |
| TOP OF THE 8TH |
|
Madison Brewers batting - Pitching for Palm Beach Nationals : RHP Nate Vandergriff
|
|
Now at 3B: Armando Moreno
|
|
|
Now in LF: Carlos Guadarrama
|
|
|
Now in RF: Rudolph Lentz
|
|
|
Batting: RHB Adam Angeles
|
0-0: Called Strike 0-1: Ball 1-1: Ball 2-1: Foul Ball, location: 2F 2-2: Ball 3-2: Strikes out swinging
|
|
Batting: RHB Tristan Smeets
|
0-0: Ground out 5-3 (Groundball, 5S, EV 78.8 MPH)
|
|
Pinch Hitting: RHB Manny Olave
|
0-0: Ball 1-0: Ball 2-0: Called Strike 2-1: SOLO HOME RUN (Flyball, 78XD, EV 111.9 MPH), Distance : 454 ft
|
|
Batting: LHB Jose Simental
|
0-0: SINGLE (Line Drive, 7LS, EV 98.8 MPH)
|
|
Batting: LHB Bill Kovac
|
0-0: Swinging Strike 0-1: 2-RUN HOME RUN (Line Drive, 89XD, EV 117.5 MPH), Distance : 463 ft
|
|
Batting: LHB Fumito Sakurai
|
0-0: Called Strike 0-1: Called Strike 0-2: Foul Ball, location: 2F 0-2: Ball 1-2: Strikes out swinging
|
| Top of the 8th over - 3 runs, 3 hits, 0 errors, 0 left on base; Madison 10 - Palm Beach 0 |
| BOTTOM OF THE 8TH |
|
Palm Beach Nationals batting - Pitching for Madison Brewers : RHP Dante Taylor
|
|
Now in CF: Manny Olave
|
|
|
Batting: RHB Charlie Iacovone
|
0-0: Fly out, F9 (Line Drive, 89D, EV 103.8 MPH)
|
|
Pinch Hitting: RHB Qian Tai
|
0-0: Ball 1-0: Called Strike 1-1: Swinging Strike 1-2: Ball 2-2: Strikes out swinging
|
|
Batting: RHB Rudolph Lentz
|
0-0: Called Strike 0-1: Foul Ball, location: 2F 0-2: Ball 1-2: Strikes out looking
|
| Bottom of the 8th over - 0 runs, 0 hits, 0 errors, 0 left on base; Madison 10 - Palm Beach 0 |
| TOP OF THE 9TH |
|
Madison Brewers batting - Pitching for Palm Beach Nationals : RHP Nate Vandergriff
|
|
Now at 2B: Alex Gonzalez
|
|
|
Pinch Hitting: RHB Devin Tivis
|
0-0: TRIPLE (Flyball, 78XD, EV 100.6 MPH)
|
|
Pinch Hitting: LHB Danny Roberts
|
0-0: Foul Ball, location: 2F 0-1: Called Strike 0-2: Ball 1-2: 2-RUN HOME RUN (Flyball, 9D, EV 96.9 MPH), Distance : 365 ft
|
|
Pitching: RHP Ramiro Ramirez
|
|
|
Batting: RHB Austin Doig
|
0-0: Ball 1-0: Foul Ball, location: 2F 1-1: Foul Ball, location: 2F 1-2: Ball 2-2: Foul Ball, location: 2F 2-2: Foul Ball, location: 2F 2-2: Ball 3-2: Fly out, F4 (Popup, 34D, EV 70.6 MPH)
|
|
Pinch Hitting: LHB Jesus Huante
|
0-0: Foul Ball, location: 2F 0-1: Foul Ball, location: 2F 0-2: SOLO HOME RUN (Line Drive, 9D, EV 105.6 MPH), Distance : 382 ft
|
|
Batting: RHB Tristan Smeets
|
0-0: Ball 1-0: Ball 2-0: Called Strike 2-1: Ball 3-1: Ground out 6-3 (Groundball, 6, EV 101.2 MPH)
|
|
Batting: RHB Manny Olave
|
0-0: Foul Ball, location: 2F 0-1: Foul Ball, location: 2F 0-2: Ball 1-2: Ball 2-2: Foul Ball, location: 2F 2-2: Foul Ball, location: 2F 2-2: Ground out 2-3 (Groundball, 2L, EV 61.2 MPH)
|
| Top of the 9th over - 3 runs, 3 hits, 0 errors, 0 left on base; Madison 13 - Palm Beach 0 |
| BOTTOM OF THE 9TH |
|
Palm Beach Nationals batting - Pitching for Madison Brewers : RHP Dante Taylor
|
|
Now at C: Franklin van den Berg
|
|
|
Now at 1B: Jesus Huante
|
|
|
Now at 2B: Austin Doig
|
|
|
Now at 3B: Noah Peek
|
|
|
Batting: RHB Jess Thomas
|
0-0: Foul Ball, location: 2F 0-1: Ball 1-1: Swinging Strike 1-2: Strikes out swinging
|
|
Pinch Hitting: RHB Ryan Wright
|
0-0: Called Strike 0-1: Swinging Strike 0-2: Ball 1-2: Strikes out swinging
|
|
Batting: LHB Tony Olvera
|
0-0: Ball 1-0: Ball 2-0: Swinging Strike 2-1: Called Strike 2-2: Foul Ball, location: 2F 2-2: Foul Ball, location: 2F 2-2: Strikes out swinging
|
| Bottom of the 9th over - 0 runs, 0 hits, 0 errors, 0 left on base; Madison 13 - Palm Beach 0 |
|